 Dungeon Crawl Stone Soup version 0.30.0-5-g1a98f26d00 (webtiles) character file.

Game seed: 4510838196358701775

175 ChrisAssaf the Sneak (level 5, -2/39 HPs)
             Began as a Human Brigand on May 8, 2023.
             Slain by a wyvern (23 damage)
             ... on level 5 of the Dungeon.
             The game lasted 00:09:27 (2172 turns).

ChrisAssaf the Sneak (Human Brigand)                Turns: 2172, Time: 00:09:27

Health: -2/39      AC: 24    Str: 13    XL:     5   Next: 86%
Magic:  6/6        EV:  7    Int: 20    God:
Gold:   248        SH:  0    Dex: 14    Spells: 2/6 levels left

rFire   . . .        a - +4 dagger
rCold   . . .        u - orb {mayhem}
rNeg    . . .        q - +11 chain mail of Ylluho {-Tele rElec Regen+ Str+2}
rPois   .            (no helmet)
rElec   +            c - +0 cloak
rCorr   .            (no gloves)
SInv    .            (no boots)
Will    .....        (no amulet) Stlth
                     k - +6 ring of intelligence
HPRegen 1.06/turn    p - +4 ring of protection
MPRegen 0.10/turn

%: no teleportation, mayhem
@: no status effects
A: no striking features
a: no special abilities


You were on level 5 of the Dungeon.
You visited 1 branch of the dungeon, and saw 5 of its levels.

You collected 248 gold pieces.

Inventory:

Hand Weapons
 a - a +4 dagger (weapon)
Missiles
 e - 3 curare-tipped darts
 s - 6 boomerangs (quivered)
Armour
 b - a +1 robe
 c - a +0 cloak (worn)
 q - the +11 chain mail of Ylluho (worn) {-Tele rElec Regen+ Str+2}
   (You took it off a hobgoblin on level 4 of the Dungeon)

   Str:       It affects your strength (+2).
   rElec:     It insulates you from electricity.
   -Tele:     It prevents most forms of teleportation.
   Regen:     It increases your rate of health regeneration.
 u - an orb of mayhem (worn)
Jewellery
 d - a ring of wizardry
 k - a +6 ring of intelligence (left hand)
 p - a +4 ring of protection (right hand)
Scrolls
 l - 4 scrolls of noise
 m - a scroll of torment
 n - a scroll of teleportation
 t - a scroll of immolation {unknown}
Potions
 f - a potion of cancellation {unknown}
 g - a potion of attraction {unknown}
 i - 3 potions of lignification {unknown}
 j - a potion of might {unknown}
 o - a potion of magic {unknown}
 r - a potion of degeneration {unknown}


   Skills:
 * Level 2.4 Fighting
 * Level 2.7 Short Blades
 * Level 2.4 Throwing
 * Level 1.2 Armour
 * Level 2.6 Dodging
 * Level 4.7 Stealth
 * Level 1.0 Spellcasting
 * Level 0.6 Summonings
 * Level 0.4 Ice Magic


You had 2 spell levels left.
You knew the following spells:

 Your Spells              Type           Power      Damage    Failure   Level
a - Frozen Ramparts       Ice            4%         1d1       100%        3
b - Summon Small Mammal   Summ           12%        N/A       96%         1

Your spell library contained the following spells:

 Spells                   Type           Power      Damage    Failure   Level
 Apportation              Tloc           2%         N/A       98%         1
 Necrotise                Necr           4%         1d4       98%         1
 Ice Form                 Ice/Tmut       1%         N/A       100%        4
 Summon Ice Beast         Ice/Summ       3%         N/A       100%        4


Dungeon Overview and Level Annotations

Branches:
Dungeon (5/15)
 Temple: D:4-7

Altars:
Cheibriados
Elyvilon
Hepliaklqana
Okawaru
Sif Muna

Shops:
D:3 [


Message History

The hound barely misses you.
The wyvern moves out of view.
You barely miss the hound.
The hound is lightly wounded.
The hound bites you. The hound barely misses you.
You closely miss the hound.
The hound is lightly wounded.
The hound closely misses you.
You hit the hound.
The hound is moderately wounded.
The hound bites you but does no damage.
You miss the hound.
The hound is moderately wounded.
The hound bites you but does no damage. x2
You hit the hound.
The hound is heavily wounded.
The hound bites you but does no damage.
You barely miss the hound.
The hound is heavily wounded.
The hound bites you but does no damage.
The hound stops to sniff the ground.
The hound barely misses you.
You hit the hound.
The hound is almost dead.
The hound bites you but does no damage.
You puncture the hound!
You kill the hound!
The wyvern flies into a frenzy!
The wyvern hisses angrily.
The wyvern bites you but does no damage.
Your Spellcasting skill increases to level 1!
You barely miss the wyvern. The wyvern bites you! x2
Unknown command.
The wyvern attacks as you move away!
The wyvern bites you but does no damage. x2
You feel better.
The wyvern bites you but does no damage.
The wyvern barely misses you. The wyvern bites you! The wyvern bites you!!
Ouch! That really hurt!
You die...

### ## ..# ... ..######
.... ..##...# .....
.....#.# ####......
..##...# #.l.....!$
..###.## # #@##..####
#.# #.# #.###.##..###
..###.######............
####......#####...######
##..###.# #...# ##...#
#...## ##....#
.#####....####
...#..................+
...#...##.#####....####


You could see a neutral wyvern (fast, strong, insane).

Vanquished Creatures
  2 hounds (D:5)
  An iguana (D:5)
  2 adders
  An ufetubus (D:3)
  2 dart slugs (D:3)
  8 orcs
  4 ball pythons
  2 endoplasms
  A giant cockroach (D:3)
  6 hobgoblins
  4 jackals (D:3)
  7 kobolds
  3 quokkas
  A bat (D:3)
  4 frilled lizards
  4 goblins
  A rat (D:1)
  A spectral goblin (D:2)
54 creatures vanquished.

Notes
Turn   | Place    | Note
-------+----------+-------------------------------------------
     0 | D:1      | ChrisAssaf the Human Brigand began the quest for the Orb.
     0 | D:1      | Reached XP level 1. HP: 16/16 MP: 1/1
   126 | D:1      | Reached XP level 2. HP: 22/22 MP: 2/2
   222 | D:2      | Found a faded altar of an unknown god.
   389 | D:3      | Found an iron altar of Okawaru.
   455 | D:3      | Reached XP level 3. HP: 18/27 MP: 3/3
   867 | D:3      | Reached XP level 4. HP: 30/33 MP: 4/4
  1007 | D:3      | Found Axoricom's Antique Armour Boutique.
  1108 | D:3      | Found a shimmering blue altar of Sif Muna.
  1276 | D:4      | Learned a level 3 spell: Frozen Ramparts
  1278 | D:4      | Learned a level 1 spell: Summon Small Mammal
  1308 | D:4      | Found a white marble altar of Elyvilon.
  1338 | D:4      | Identified the +11 chain mail of Ylluho {-Tele rElec Regen+
                  | Str+2}
  1373 | D:4      | Found a hazy altar of Hepliaklqana.
  1729 | D:5      | Entered Level 5 of the Dungeon
  1754 | D:5      | Identified the +0 pair of gloves of Lacwihuc {rElec Int+7
                  | Dex-2}
  1813 | D:5      | Reached skill level 1 in Armour
  1819 | D:5      | Reached XP level 5. HP: 33/39 MP: 6/6
  2066 | D:5      | Found a snail-covered altar of Cheibriados.
  2160 | D:5      | Noticed a wyvern
  2169 | D:5      | Reached skill level 1 in Spellcasting
  2172 | D:5      | Slain by a wyvern

Illustrated notes

Levels and vault maps discovered:
D:1:      onia_arrival_mini_maze, layout_loops_ring
D:2:      minmay_inner_zag, layout_loops_corners,
          dreamdust_ecumenical_altar_drowned_temple, minmay_pentomino_r2,
          uniq_jessica, uniq_natasha, uniq_terence
D:3:      layout_basic, nicolae_overflow_hidden_temple,
          mainiacjoe_overflow_paths, serial_shops, shop
D:4:      layout_basic, mainiacjoe_overflow_concentric_impassable,
          mainiacjoe_overflow_cross_hatched, minmay_bisected
D:5:      layout_loops_corners, lemuel_tele_altar, serial_bayou_pond_d

Skill      XL: |  1  2  3  4  5 |
---------------+----------------+-----
Dodging        | 2 |  2.6
Armour         | 1 |  1.2
Spellcasting   | 1 |  1.0
Fighting       | |  2.4
Short Blades   | |  2.7
Throwing       | |  2.4
Stealth        | |  4.7
Summonings     | |  0.6
Ice Magic      | |  0.4

Action                     |  1- 3 |  4- 6 || total
---------------------------+-------+-------++-------
  Melee: Dagger            |   103 |    95 ||   198
  Throw: Dart              |    11 |     6 ||    17
         Boomerang         |       |     7 ||     7
    Use: Scroll            |     2 |     7 ||     9
         Potion            |     2 |     1 ||     3
   Stab: Sleeping          |     3 |     1 ||     4
 Armour: Robe              |    50 |     3 ||    53
         Chain mail        |       |    45 ||    45
  Dodge: Dodged            |    96 |    28 ||   124
